 Dungeon Crawl Stone Soup version 0.23-a0-563-g409694ba0a (webtiles) character file.

343 MrRokkomies the Skirmisher (level 6, -5/68 HPs)
             Began as an Ogre Hunter on Dec 13, 2018.
             Was an Initiate of Okawaru.
             Slain by a centaur (8 damage)
             ... on level 5 of the Dungeon.
             The game lasted 00:08:20 (3900 turns).

MrRokkomies the Skirmisher (Ogre Hunter)            Turns: 3900, Time: 00:08:21

Health: -5/68      AC:  3    Str: 17    XL:     6   Next: 57%
Magic:  6/6        EV: 10    Int: 15    God:    Okawaru [......]
Gold:   206        SH:  0    Dex: 10    Spells: 5/5 levels left

rFire    . . .     SeeInvis .   k - +0 trident
rCold    . . .     Gourm    .   (no shield)
rNeg     + . .     Faith    .   b - +0 robe
rPois    .         Spirit   .   (helmet restricted)
rElec    .         Reflect  .   (no cloak)
rCorr    .         Harm     .   (gloves unavailable)
MR       .....                  (boots unavailable)
Stlth    +.........             (no amulet)
HPRegen  0.21/turn              m - ring of wizardry
MPRegen  0.10/turn              p - ring of positive energy

@: no status effects
A: large, unfitting armour, horns 1, clever 1, sense surroundings 1, tough skin
1, wild magic 1
a: Renounce Religion


You were on level 5 of the Dungeon.
You worshipped Okawaru.
Okawaru was noncommittal.
You were hungry.

You visited 1 branch of the dungeon, and saw 5 of its levels.

You collected 206 gold pieces.

Inventory:

Hand Weapons
 a - a +0 short sword
 k - a +0 trident (weapon)
Missiles
 c - 4 large rocks
 d - 2 throwing nets
 e - 80 stones
 o - 7 tomahawks (quivered)
 q - 4 javelins
Armour
 b - a +0 robe (worn)
Jewellery
 m - a ring of wizardry (left hand)
 p - a ring of positive energy (right hand)
Scrolls
 h - a scroll of remove curse
 l - 2 scrolls of teleportation
 r - a scroll of random uselessness {unknown}
Potions
 g - 2 potions of curing
 i - 2 potions of agility
 j - a potion of berserk rage
 n - a potion of heal wounds
Comestibles
 f - 8 rations


   Skills:
 * Level 6.5 Fighting
 * Level 2.6 Polearms
 - Level 5.3 Throwing
 - Level 1.7 Dodging
 - Level 0.6 Stealth


You had 5 spell levels left.
You didn't know any spells.
Your spell library was empty.

Dungeon Overview and Level Annotations

Branches:
Dungeon (5/15)
 Temple: D:4-7

Altars:
Okawaru
Sif Muna
Vehumet

Annotations:
D:4 exclusion: statue


Innate Abilities, Weirdness & Mutations

You are too large for most types of armour.
You have tough skin. (AC +1)
You have a pair of small horns on your head.
Your mind is acute. (Int +2)
You passively map a small area around you.
Your spells are a little harder to cast, but a little more powerful.


Message History

The centaur closely misses you.
You hit the centaur but do no damage.
The centaur is lightly wounded.
The centaur hits you.
You hit the centaur.
The centaur is moderately wounded.
The centaur hits you. x2
* * * LOW HITPOINT WARNING * * *
You barely miss the centaur.
The centaur is moderately wounded.
The centaur hits you.
* * * LOW HITPOINT WARNING * * *
The centaur hits you.
* * * LOW HITPOINT WARNING * * *
You hit the centaur.
The centaur is moderately wounded.
The centaur hits you.
* * * LOW HITPOINT WARNING * * *
The centaur hits you!
You die...

#....* #.## #. ,
##... #.# #.
..####...# #.# #.
.........# #.# #.
#(.# #.## #.
##.## #..# #..
##..# ##..# ....
#.c.# ##...#....#
###@.##
##..###..##
#####....####..##
#.............##
, #.............#
###......#..###
########### , , *
, , * , *


You could see a centaur.

Vanquished Creatures
  A howler monkey (D:4)
  A hound (D:4)
  An orc wizard (D:4)
  2 bullfrog skeletons (D:4)
  A worker ant (D:4)
  A hound skeleton (D:4)
  3 gnolls (D:2)
  4 adders
  2 worms
  3 dart slugs
  5 leopard geckos
  3 orcs (D:4)
  3 ball pythons
  5 giant cockroaches
  5 goblins
  7 hobgoblins
  4 jackals (D:4)
  A quokka (D:2)
  6 bats
  3 frilled lizards
  4 kobolds
  8 rats
73 creatures vanquished.

Notes
Turn   | Place    | Note
-------+----------+-------------------------------------------
     0 | D:1      | MrRokkomies the Ogre Hunter began the quest for the Orb.
     0 | D:1      | Reached XP level 1. HP: 22/22 MP: 1/1
   194 | D:1      | Reached skill level 3 in Fighting
   198 | D:1      | Reached XP level 2. HP: 24/31 MP: 2/2
   641 | D:1      | Reached XP level 3. HP: 31/39 MP: 3/3
   705 | D:1      | Gained mutation: Your mind is acute. (Int +2) [potion of
                  | mutation]
   705 | D:1      | Gained mutation: Your spells are a little easier to cast,
                  | but a little less powerful. [potion of mutation]
   705 | D:1      | Gained mutation: You passively map a small area around you.
                  | [potion of mutation]
   706 | D:1      | Lost mutation: Your mind is acute. (Int +2) [potion of
                  | mutation]
   706 | D:1      | Lost mutation: Your spells are a little easier to cast, but
                  | a little less powerful. [potion of mutation]
   706 | D:1      | Gained mutation: Your spells are a little harder to cast,
                  | but a little more powerful. [potion of mutation]
   706 | D:1      | Gained mutation: Your mind is acute. (Int +2) [potion of
                  | mutation]
   706 | D:1      | Gained mutation: You have a pair of small horns on your
                  | head. [potion of mutation]
   775 | D:2      | Reached skill level 4 in Fighting
  1296 | D:2      | Reached XP level 4. HP: 41/49 MP: 4/4
  1500 | D:2      | Reached skill level 5 in Throwing
  1701 | D:2      | Reached skill level 5 in Fighting
  1701 | D:2      | Reached XP level 5. HP: 57/57 MP: 5/5
  1875 | D:3      | Found a deep blue altar of Sif Muna.
  2654 | D:4      | Reached skill level 1 in Polearms
  3121 | D:4      | Found a radiant altar of Vehumet.
  3121 | D:4      | Noticed a frost-covered statue
  3215 | D:4      | Reached skill level 6 in Fighting
  3215 | D:4      | Reached XP level 6. HP: 55/67 MP: 6/6
  3556 | D:4      | Found an iron altar of Okawaru.
  3580 | D:4      | Became a worshipper of Warmaster Okawaru
  3753 | D:5      | Entered Level 5 of the Dungeon
  3900 | D:5      | HP: 3/68 [centaur (4)]
  3900 | D:5      | Slain by a centaur

Vault maps used:
D:1:      psy_arrival_radial01
D:2:      hangedman_abyss_or_decor_lesser_grid
D:3:      nicolae_overflow_crystal_walls, first_ration
D:4:      vehumet_statue, lemuel_round_altar, palyth_stone_intersect
D:5:      nicolae_ru_the_path_less_chosen, uniq_grinder

Skill      XL: |  1  2  3  4  5  6 |
---------------+-------------------+-----
Fighting       | 3 4 5 6 |  6.5
Throwing       | 5 |  5.3
Polearms       | 1 2 |  2.6
Dodging        | |  1.7
Stealth        | |  0.6

Action                   |  1- 3 |  4- 6 || total
-------------------------+-------+-------++-------
Melee: Short sword       |   167 |    48 ||   215
       Headbutt          |     6 |    20 ||    26
       Trident           |       |    97 ||    97
Throw: Large rock        |     1 |     3 ||     4
       Stone             |       |    23 ||    23
  Use: Scroll            |     4 |     5 ||     9
       Potion            |     3 |       ||     3
 Stab: Sleeping          |       |     2 ||     2
  Eat: Chunk             |     1 |     8 ||     9
Armor: Robe              |    64 |    46 ||   110
       Skin              |    40 |       ||    40
Dodge: Dodged            |    94 |    87 ||   181

Table legend:
 A = Non-vault XP
 B = Vault XP
 C = Vault XP percentage of total XP
 D = Non-vault monster count
 E = Vault monster count
 F = Vault count percentage of total count
                 A         B        C        D         E       F
            +---------+---------+-------+---------+---------+-------
      Total |     491 |       0 |   0.0 |      73 |       0 |   0.0
            +---------+---------+-------+---------+---------+-------
        D:1 |      36 |       0 |   0.0 |      21 |       0 |   0.0
        D:2 |     134 |       0 |   0.0 |      31 |       0 |   0.0
        D:3 |       9 |       0 |   0.0 |       3 |       0 |   0.0
        D:4 |     312 |       0 |   0.0 |      18 |       0 |   0.0
            +---------+---------+-------+---------+---------+-------
